 Dungeon Sprint DCSS version 0.28.0-53-g5a82cb258f (webtiles) character file.

Game seed: 18356127568633024363

361 Zeld the Cleaver (level 6, -6/66 HPs)
             Began as a Minotaur Berserker on May 29, 2022.
             Was an Elder of Trog.
             Mangled by a wandering mushroom (12 damage)
             ... in the Dungeon (Sprint IV: "Fedhas' Mad Dash").
             The game lasted 00:01:58 (1768 turns).

Zeld the Cleaver (Minotaur Berserker)               Turns: 1768, Time: 00:01:58

Health: -6/66      AC:  2    Str: 23    XL:     6   Next: 38%
Magic:  5/5        EV: 13    Int:  4    God:    Trog [****..]
Gold:   1          SH:  0    Dex: 10    Spells: 5/5 levels left

rFire   . . .      SeeInvis .   a - +0 hand axe
rCold   . . .      Faith    .   (no shield)
rNeg    . . .      Spirit   .   b - +0 animal skin
rPois   .          Reflect  .   (helmet restricted)
rElec   .          Harm     .   (no cloak)
rCorr   .          Rampage  .   (no gloves)
Will    .....      NoTele   +   (no boots)
Stlth   +.........              k - amulet of invisibility {+Inv}
HPRegen 0.21/turn               (no ring)
MPRegen 0.09/turn               (no ring)

@: no status effects
A: horns 2, retaliatory headbutt
a: Renounce Religion, Evoke Invisibility, Berserk, Trog's Hand, Brothers in Arms


You were in the Dungeon.
You worshipped Trog.
Trog was greatly pleased with you.
You visited 1 branch You collected 111 gold pieces.
You spent 110 gold pieces at shops.

Inventory:

Hand Weapons
 a - a +0 hand axe (weapon)
Armour
 b - a +0 animal skin (worn)
Jewellery
 k - the amulet of invisibility (around neck) {+Inv}
   (You found it in the Dungeon)

   [amulet of nothing]

   +Inv:      It lets you turn invisible.
Scrolls
 h - a scroll of blinking
 i - 3 scrolls of identify
 j - a scroll of fog {unknown}
 m - a scroll of magic mapping
 n - a scroll of fear
Potions
 c - a potion of curing
 d - a potion of heal wounds
 e - a potion of haste
 f - 2 potions of magic
 g - a potion of berserk rage
 l - a potion of flight {unknown}


   Skills:
 * Level 10.1 Fighting
 * Level 10.2 Axes
 + Level 7.0 Armour
 + Level 6.4 Dodging


You had 5 spell levels left.
You didn't know any spells.
Your spell library was empty.

Dungeon Overview and Level Annotations

Branches:
Dungeon (1/1)

Altars:
Cheibriados
Dithmenos
Elyvilon
Gozag
Hepliaklqana
Kikubaaqudgha
Makhleb
Nemelex Xobeh
Okawaru
Qazlal
Ru
Sif Muna
Trog
Uskayaw
Vehumet
Wu Jian
Xom
Yredelemnul
Zin
The Shining One
Beogh
Jiyva
Lugonu

Shops:
D :?


Innate Abilities, Weirdness & Mutations

You have a pair of horns on your head.
You reflexively headbutt those who attack you in melee.


Message History

You feel less confused.
There is an open door, spattered with blood here.
You start resting.
HP restored.
The wandering mushroom releases spores at you.
You are engulfed in a cloud of spores!
There is an open door, spattered with blood here.
You hit the wandering mushroom but do no damage.
The wandering mushroom barely misses you.
You hit the wandering mushroom.
You headbutt the wandering mushroom, but do no damage.
The wandering mushroom is lightly damaged.
The wandering mushroom releases spores at you!!
You are engulfed in a cloud of spores!
You slash the wandering mushroom!
The wandering mushroom is moderately damaged.
The wandering mushroom releases spores at you!
You are engulfed in a cloud of spores!
You hit the wandering mushroom.
The wandering mushroom is heavily damaged.
The wandering mushroom releases spores at you!
You are engulfed in a cloud of spores!
You are too injured to fight recklessly!
You are too injured to fight recklessly!
You are too injured to fight recklessly!
You slash the wandering mushroom!
The wandering mushroom is heavily damaged.
You slash the wandering mushroom! You headbutt the wandering mushroom!
The wandering mushroom is almost destroyed.
The wandering mushroom releases spores at you!
* * * LOW HITPOINT WARNING * * *
You are engulfed in a cloud of spores!
You are confused.
There is an entrance to Wijel's Book Emporium here.
You bump into the stone wall.
You're too confused to move!
You're too confused to move!
You feel less confused.
The wandering mushroom releases spores at you!
You die...

#######################
_._._._.⌠.#.()...#....#
._._._._..'.)#...#...P+
_._._._...#..###'##.?$#
._._._._..#..##∩@f'...#
_._._._.⌠.#############
###########


You could see a wandering mushroom and a burning bush (unaware).

Vanquished Creatures
  3 scorpions (D)
  4 oklob saplings (D)
  2 spriggans (D)
  A river rat (D)
  A rat (D)
11 creatures vanquished.

Vanquished Creatures (others)
  A wandering mushroom (D)
  7 fungi (D)
8 creatures vanquished.

Grand Total: 19 creatures vanquished

Notes
Turn   | Place    | Note
-------+----------+-------------------------------------------
     0 | D        | Zeld the Minotaur Berserker began the quest for the Orb.
     0 | D        | Reached XP level 1. HP: 19/19 MP: 0/0
    23 | D        | Reached XP level 2. HP: 14/28 MP: 1/1
   383 | D        | Noticed an oklob sapling
   384 | D        | Killed an oklob sapling
   384 | D        | Reached ** piety under Trog
   385 | D        | Reached skill level 5 in Fighting
   385 | D        | Reached skill level 5 in Axes
   385 | D        | Reached XP level 3. HP: 37/37 MP: 2/2
   387 | D        | Noticed a scorpion
   387 | D        | Found the amulet of invisibility {+Inv}
   392 | D        | Killed a scorpion
   393 | D        | Reached XP level 4. HP: 41/47 MP: 3/3
   428 | D        | Reached skill level 5 in Armour
   462 | D        | Found an opulent altar of Gozag.
   462 | D        | Found a hazy altar of Hepliaklqana.
   462 | D        | Found a burning altar of Makhleb.
   462 | D        | Found a sparkling altar of Nemelex Xobeh.
   462 | D        | Found a snail-covered altar of Cheibriados.
   462 | D        | Found a sacrificial altar of Ru.
   462 | D        | Found a shimmering blue altar of Sif Muna.
   462 | D        | Found a shimmering altar of Xom.
   462 | D        | Found a basalt altar of Yredelemnul.
   463 | D        | Found a viscous altar of Jiyva.
   463 | D        | Found a bloodstained altar of Trog.
   463 | D        | Found an ornate altar of the Wu Jian Council.
   464 | D        | Found an iron altar of Okawaru.
   464 | D        | Found a shadowy altar of Dithmenos.
   464 | D        | Found a glowing silver altar of Zin.
   465 | D        | Found an ancient bone altar of Kikubaaqudgha.
   465 | D        | Found a hide-covered altar of Uskayaw.
   466 | D        | Found a stormy altar of Qazlal.
   466 | D        | Found a white marble altar of Elyvilon.
   466 | D        | Found a glowing golden altar of the Shining One.
   467 | D        | Found a corrupted altar of Lugonu.
   467 | D        | Found a radiant altar of Vehumet.
   473 | D        | Reached skill level 5 in Dodging
   473 | D        | Reached XP level 5. HP: 53/53 MP: 2/4
   625 | D        | Reached *** piety under Trog
   780 | D        | Reached **** piety under Trog
   781 | D        | Reached XP level 6. HP: 52/66 MP: 5/5
  1122 | D        | Found Adukexud's Magic Scroll Shop.
  1122 | D        | Found Wijel's Book Emporium.
  1127 | D        | Bought a scroll of magic mapping for 35 gold pieces
  1130 | D        | Bought a scroll of identify for 20 gold pieces
  1130 | D        | Bought a scroll of identify for 20 gold pieces
  1130 | D        | Bought a scroll of fear for 35 gold pieces
  1131 | D        | Noticed a burning bush
  1131 | D        | Noticed a wandering mushroom
  1132 | D        | Noticed a wandering mushroom
  1138 | D        | Reached skill level 10 in Fighting
  1138 | D        | Reached skill level 10 in Axes
  1768 | D        | Mangled by a wandering mushroom

Illustrated notes

Levels and vault maps discovered:
D:        dungeon_sprint_fedhas [sprint_temple]

Skill      XL: |  1  2  3  4  5  6 |
---------------+-------------------+-----
Fighting       | 4 5 7 8 9 10 | 10.1
Axes           | 4 5 7 8 9 10 | 10.2
Armour         | 3 4 5 6 7 |  7.0
Dodging        | 3 4 5 6 |  6.4

Action                   |  1- 3 |  4- 6 || total
-------------------------+-------+-------++-------
Melee: Hand axe          |    18 |    36 ||    54
       Headbutt          |     4 |     8 ||    12
       Punch             |     1 |     1 ||     2
Invok: Berserk           |       |     1 ||     1
 Abil: Evoke Invisibilit |       |     3 ||     3
Armor: Animal skin       |       |     1 ||     1
Dodge: Dodged            |    10 |    11 ||    21
